 Dungeon Crawl Stone Soup version 0.31-a0-1072-g202bf7ea07 (webtiles) character file.

Game seed: 11221049507153784925

224 Azuregosa the Covert (level 6, -9/42 HPs)
             Began as an Octopode Delver on Nov 26, 2023.
             Mangled by Menkaure (22 damage)
             ... on level 4 of the Dungeon.
             The game lasted 00:08:47 (2713 turns).

Azuregosa the Covert (Octopode Delver)              Turns: 2713, Time: 00:08:48

Health: -9/42      AC:  1    Str: 12    XL:     6   Next: 0%
Magic:  6/6        EV: 13    Int: 14    God:
Gold:   205        SH:  0    Dex: 13    Spells: 5/5 levels left

rFire   . . .        t - +2 trident (venom)
rCold   . . .        (no shield)
rNeg    . . .        (helmet restricted)
rPois   .            (no amulet)
rElec   .            (no ring)
rCorr   .            (no ring)
SInv    .            (no ring)
Will    .....        (no ring)
Stlth   +++++        (no ring)
HPRegen 0.27/turn    (no ring)
MPRegen 0.10/turn    (no ring)
                     (no ring)

%: no passive effects
@: no status effects
A: almost no armour, amphibious, 8 rings, camouflage 1, gelatinous body 1,
(nimble swimmer 1), tentacles
a: no special abilities


You were on level 4 of the Dungeon.
You visited 1 branch of the dungeon, and saw 5 of its levels.

You collected 205 gold pieces.

Inventory:

Hand Weapons
 a - a +0 hand axe
 h - a +0 falchion
 i - a +2 heavy hand axe
 q - a +0 short sword of draining
 t - a +2 trident of venom (weapon)
Missiles
 j - 55 stones
 n - 6 poisoned darts
 o - 6 curare-tipped darts
Armour
 x - an orb of guile
Jewellery
 y - a ring of fire
Talismans
 v - a serpent talisman
 w - a serpent talisman
Wands
 f - a wand of digging (3)
Scrolls
 b - 3 scrolls of fog
 c - a scroll of vulnerability {unknown}
 d - a scroll of fear
 g - 3 scrolls of teleportation {unknown}
 l - a scroll of acquirement {unknown}
 r - a scroll of butterflies {unknown}
 s - 3 scrolls of identify {unknown}
 u - a scroll of blinking {unknown}
 C - a scroll of immolation {unknown}
 D - a scroll of enchant armour {unknown}
Potions
 e - 3 potions of haste
 k - 2 potions of heal wounds
 m - a potion of invisibility {unknown}
 p - a potion of enlightenment {unknown}
 z - a potion of degeneration {unknown}
 A - 2 potions of curing {unknown}
 B - 2 potions of lignification {unknown}


   Skills:
 - Level 3.0 Fighting
 - Level 2.0 Axes
 - Level 2.0 Dodging
 + Level 10.5 Stealth


You had 5 spell levels left.
You didn't know any spells.
Your spell library contained the following spells:

 Spells                   Type           Power      Damage    Failure   Level
 Hailstorm                Conj/Ice       0%         3d3       65%         3
 Summon Ice Beast         Ice/Summ       0%         N/A       96%         4
 Simulacrum               Ice/Necr       0%         N/A       100%        6


Dungeon Overview and Level Annotations

Branches:
Dungeon (5/15)             Temple (0/1) D:5

Altars:

Annotations:
D:4 3 runed translucent doors, Menkaure; confidenceinterval's ghost, amateur HuMo
D:5 Sigmund


Innate Abilities, Weirdness & Mutations

You cannot wear most types of armour.
You are amphibious.
You can wear up to eight rings at the same time.
Your skin changes colour to match your surroundings (Stealth+).
Your rubbery body absorbs attacks. (AC +1, EV +1)
((You are camouflaged when in or above water. (Stealth+)))
You have tentacles for arms and can constrict up to eight enemies at once.


Message History

An adder comes into view.
Reach: t) +2 trident (venom)
Press: ? - help, Dir - move target, f - adder
Aim: an adder (asleep, about 2% to evade your +2 trident of venom)
You reach to attack!
The helpless adder fails to defend itself.
You puncture the adder!
You kill the adder!
An orc comes into view. It is wielding a +1 heavy hand axe.
Reach: t) +2 trident (venom)
Press: ? - help, Dir - move target, f - orc
Aim: an orc, wielding a +1 heavy hand axe and wearing a +0 leather armour (asleep, about 2% to evade your +2 trident of venom)
You reach to attack!
The helpless orc fails to defend itself.
You puncture the orc!
You kill the orc!
You have reached level 6!
Things that are here:
a +1 heavy hand axe; a +0 leather armour; an orc corpse A ball python comes into view.
The helpless ball python fails to defend itself.
You hit the ball python.
You kill the ball python!
Things that are here:
a +1 heavy hand axe; a +0 leather armour; an orc corpse Menkaure, Prince of Dust comes into view.
Menkaure calls on the powers of darkness!
The ball python convulses!
Your body is wracked with pain!
Menkaure casts a spell.
Menkaure seems to speed up.
Reach: t) +2 trident (venom)
Press: ? - help, Dir - move target, f - Menkaure
Aim: Menkaure (fast, about 26% to evade your +2 trident of venom)
You reach to attack!
You puncture Menkaure!
Menkaure is moderately damaged.
Menkaure gestures at you while chanting.
Pain shoots through your body! Menkaure attacks as he pursues you!
Menkaure hits you!!
Ouch! That really hurt!
You die...

#.#
#.......#########.#
#.# #.###.#.# #..
#.# #.# #...# ##.
#.# #.#
###.#########.# #.#
#.# #............
#.# #S#
#.#########.# #.#
#.# ##.##†......#.
#.#
#M####...#.#####.##
#.#
#.@...........##.##
#.#
######...#.##......
#.# ##.##.#####.##
#.# ###
#)##.#####.##
#.###.##
######.##.......##
#.....)#
##......###########
#####.## #.#.....#
#.# ##.###### #.#
#.#


You could see Menkaure (fast) and a ball python.

Vanquished Creatures
  A scorpion (D:4)
  A jelly (D:4)
  4 adders (D:4)
  2 worms (D:3)
  5 dart slugs
  7 orcs
  7 endoplasms
  4 giant cockroaches
  4 hobgoblins
  4 quokkas
  3 ball pythons
  5 bats
  5 frilled lizards
  6 goblins
  4 kobolds
  24 rats
86 creatures vanquished.

Notes
Turn   | Place    | Note
-------+----------+-------------------------------------------
     0 | D:5      | Azuregosa the Octopode Delver began the quest for the Orb.
     0 | D:5      | Reached XP level 1. HP: 16/16 MP: 1/1
    30 | D:5      | Found a staircase to the Ecumenical Temple.
    30 | D:5      | Found a faded altar of an unknown god.
    31 | D:5      | Noticed an iguana
    47 | D:5      | Noticed Sigmund
    56 | D:5      | Noticed a scorpion
    57 | D:5      | Noticed a scorpion
   122 | D:4      | Noticed a scorpion
   177 | D:2      | Reached skill level 7 in Stealth
   283 | D:2      | Reached XP level 2. HP: 21/21 MP: 2/2
   565 | D:1      | Reached XP level 3. HP: 22/26 MP: 3/3
   856 | D:1      | Reached skill level 8 in Stealth
  1328 | D:2      | Reached XP level 4. HP: 12/31 MP: 4/4
  2121 | D:4      | Reached skill level 9 in Stealth
  2205 | D:4      | Reached XP level 5. HP: 36/36 MP: 5/5
  2214 | D:4      | Found a runed translucent gate.
  2214 | D:4      | Found a runed translucent gate.
  2214 | D:4      | Found a runed translucent gate.
  2235 | D:4      | Noticed confidenceinterval's ghost (amateur HuMo)
  2236 | D:4      | Noticed an ice beast
  2247 | D:4      | Reached skill level 10 in Stealth
  2668 | D:4      | Reached XP level 6. HP: 42/42 MP: 6/6
  2708 | D:4      | Noticed Menkaure
  2713 | D:4      | Mangled by Menkaure

Illustrated notes

Levels and vault maps discovered:
D:1:      matt_arrival_spirals, layout_rooms, grunt_decor_fettered
D:2:      layout_rooms, minmay_rat_hole
D:3:      layout_loops_cross, minmay_crystal_water
D:4:      layout_loops_ring, gammafunk_ghost_icy, uniq_menkaure
D:5:      layout_basic, nicolae_temple_entry_ecumenical, uniq_sigmund

Skill      XL: |  1  2  3  4  5 |
---------------+----------------+-----
Stealth        | 7 8 9 10 | 10.5
Fighting       | |  3.0
Axes           | |  2.0
Dodging        | |  2.0

Action                     |  1- 3 |  4- 6 || total
---------------------------+-------+-------++-------
  Melee: Hand axe          |    51 |       ||    51
         Tentacles         |     9 |     3 ||    12
         Constrict         |    13 |     9 ||    22
         Trident           |    30 |    48 ||    78
         Punch             |     1 |       ||     1
    Use: Scroll            |     1 |       ||     1
         Potion            |       |     1 ||     1
   Stab: Sleeping          |    14 |    16 ||    30
 Armour: Skin              |    45 |    20 ||    65
  Dodge: Dodged            |    59 |     8 ||    67

Table legend: (Time is in decaauts)
 A = Elapsed time spent in this place.
 B = Non-inter-level travel time spent in this place.
 C = Inter-level travel time spent in this place.
 D = Time resting spent in this place.
 E = Time spent auto-exploring this place.
 F = Levels seen in this place.
 G = Mean time per level.
                   A        B        C        D        E       F      G
               +--------+--------+--------+--------+--------+-----+--------+
         Total |   2770 |   2643 |    127 |    213 |   1566 |   5 |  554.0 |
       Dungeon |   2770 |   2643 |    127 |    213 |   1566 |   5 |  554.0 |
               +--------+--------+--------+--------+--------+-----+--------+

Top non-repeatable levels by time:
     D:1: 797 daAuts
     D:3: 662 daAuts
     D:4: 630 daAuts
     D:2: 563 daAuts
     D:5: 117 daAuts
